 Dungeon Crawl Stone Soup version 0.21.1-1-g345015fe64 (webtiles) character file.

8528 Loge the Grappler (level 11, -2/111 HPs)
             Began as a Troll Monk on July 16, 2018.
             Was an Elder of Makhleb.
             Slain by a queen bee (14 damage)
             ... on level 10 of the Dungeon.
             The game lasted 00:22:22 (8219 turns).

Loge the Grappler (Troll Monk)                      Turns: 8219, Time: 00:22:22

Health: -2/111     AC:  6    Str: 21    XL:     11   Next: 11%
Magic:  14/14      EV: 11    Int:  6    God:    Makhleb [****..]
Gold:   541        SH:  0    Dex: 15    Spells: 10/10 levels left

rFire    . . .     SeeInvis .     - Unarmed
rCold    . . .     Gourm    +   (no shield)
rNeg     . . .     Faith    .   a - +0 robe
rPois    .         Spirit   .   (helmet restricted)
rElec    .         Reflect  .   J - +0 cloak
rCorr    .         Harm     .   (gloves unavailable)
MR       .....                  (boots unavailable)
Stlth    ++........             (no amulet)
HPRegen  0.68/turn              (no ring)
MPRegen  0.14/turn              (no ring)

@: lethally poisoned (-2 -> -2)
A: large, unfitting armour, claws 3, fast metabolism 3, gourmand, regeneration
1, shaggy fur 1, tough skin 2
a: Minor Destruction, Lesser Servant of Makhleb, Major Destruction, Renounce
Religion


You were on level 10 of the Dungeon.
You worshipped Makhleb.
Makhleb was greatly pleased with you.
You were very full.

You visited 2 branches of the dungeon, and saw 11 of its levels.

You collected 541 gold pieces.

Inventory:

Hand Weapons
 F - a +0 blowgun
Missiles
 c - 224 stones (quivered)
 G - 40 poisoned needles
 K - 8 poisoned tomahawks
 M - 7 poisoned javelins
Armour
 a - a +0 robe (worn)
 J - a +0 cloak (worn)
Jewellery
 f - a +5 amulet of reflection {unknown}
 k - an uncursed ring of protection from magic {unknown}
 m - an uncursed amulet of faith {unknown}
 C - a +6 ring of slaying {unknown}
 H - an uncursed ring of stealth {unknown}
Wands
 s - a wand of polymorph (17)
 v - a wand of acid (5)
 w - a wand of iceblast (7)
 y - a wand of clouds (6)
Scrolls
 e - 5 scrolls of remove curse {unknown}
 j - 5 scrolls of identify {unknown}
 l - 2 scrolls of enchant weapon {unknown}
 n - 2 scrolls of enchant armour {unknown}
 q - 3 scrolls of fear
 t - 2 scrolls of fog {unknown}
 x - 2 scrolls of teleportation {unknown}
 D - a scroll of blinking {unknown}
 L - a scroll of immolation {unknown}
 N - a scroll of holy word {unknown}
Potions
 d - 3 potions of heal wounds {unknown}
 g - 2 potions of brilliance {unknown}
 h - 3 potions of lignification {unknown}
 i - 2 potions of degeneration {unknown}
 o - 3 potions of mutation {unknown}
 p - a potion of flight {unknown}
 r - 3 potions of curing
 u - a potion of ambrosia {unknown}
 B - a potion of berserk rage {unknown}
 E - a potion of invisibility {unknown}
Books
 A - a book of Flames

   Spells                             Type                      Level
   a - Flame Tongue                   Conjuration/Fire             1
   b - Throw Flame                    Conjuration/Fire             2
   c - Conjure Flame                  Conjuration/Fire             3
   d - Inner Flame                    Hexes/Fire                   3
   e - Sticky Flame                   Conjuration/Fire             4
   f - Fireball                       Conjuration/Fire             5
 I - a book of Debilitation

   Spells                             Type                      Level
   a - Corona                         Hexes                        1
   b - Slow                           Hexes                        2
   c - Inner Flame                    Hexes/Fire                   3
   d - Portal Projectile              Hexes/Translocation          3
   e - Cause Fear                     Hexes                        4
   f - Leda's Liquefaction            Hexes/Earth                  4
Comestibles
 b - 16 rations


   Skills:
 + Level 8.2 Fighting
 - Level 2.4 Dodging
 - Level 1.0 Stealth
 * Level 13.0 Unarmed Combat
 + Level 5.8 Invocations


You had 10 spell levels left.
You didn't know any spells.

Dungeon Overview and Level Annotations

Branches:
Dungeon (10/15)            Temple (1/1) D:5            Lair (0/6) D:10
    Orc: D:9-12

Altars:
Ashenzari
Dithmenos
Elyvilon
Fedhas
Gozag
Makhleb
Nemelex Xobeh
Okawaru
Qazlal
Ru
Trog
Uskayaw
Vehumet
Yredelemnul

Shops:
D:4 *

Annotations:
D:4 exclusion: downstairs
D:9 exclusion: downstairs


Innate Abilities, Weirdness & Mutations

You are too large for most types of armour.
You have claws for hands.
Your metabolism is lightning-fast.
You like to eat raw meat.
Your natural rate of healing is unusually fast.
You are covered in fur. (AC +1)
You have very tough skin. (AC +2)


Message History

The killer bee rages.
Cornered, the queen bee turns to fight!
You feel sick.
You feel sick.
You feel sick.
You feel sick.
You feel sick.
You hear an angry buzzing noise.
You hear an angry buzzing noise.
You feel sick.
You feel sick.
You hear an angry buzzing noise.
You feel sick.
You feel sick.
You scratch the queen bee.
The queen bee is lightly wounded.
You feel sick.
The killer bee rages.
The queen bee stings you!
You die...

#### ...### .....#
##.#.#
#.#.#############
#.#.#...........#
##[#.......#####@#
############ #y#
#y# #.## #.#R##
#.###ยง## ## ##y#
#.###.## #.#.##


You could see a queen bee, an efreet and a killer bee (berserk).

Vanquished Creatures
  2 two-headed ogres
  An unseen horror (D:10)
  The ghost of dscm the Chopper, a novice OpFi of Cheibriados (D:5)
  Grinder (D:5)
  3 hippogriffs
  Sigmund (D:5)
  4 yaks (D:10)
  A wyvern (D:9)
  Grum (D:8)
  The ghost of dscm the Skirmisher, an amateur OpFi (D:4)
  Menkaure (D:7)
  A hornet zombie (D:6)
  4 orc warriors
  A black bear (D:6)
  An ice beast (D:10)
  2 sky beasts
  2 phantoms (D:7)
  7 ogres
  3 wolves (D:8)
  A crocodile (D:10)
  3 centaurs
  A big kobold (D:7)
  3 bullfrogs
  6 scorpions
  A water moccasin skeleton (D:9)
  7 killer bees (D:10)
  3 wights (D:9)
  A howler monkey (D:6)
  3 crimson imps
  A jelly (D:9)
  7 hounds
  6 orc priests
  Crazy Yiuf (D:7)
  A gnoll shaman (D:8)
  A centaur skeleton (D:6)
  Natasha (thrice) (D:3 D:4)
  An iguana (D:8)
  5 orc wizards
  3 worker ants
  A worker ant zombie (D:6)
  6 adders
  18 gnolls
  2 shadow imps
  2 oozes
  An adder skeleton (D:7)
  2 dart slugs (D:2)
  8 leopard geckos
  23 orcs
  2 ball pythons
  3 giant cockroaches
  3 goblins
  10 hobgoblins
  27 jackals
  11 kobolds
  4 quokkas
  11 bats
  4 frilled lizards
  A quokka skeleton (D:4)
  A quokka zombie (D:6)
  9 rats
245 creatures vanquished.

Vanquished Creatures (others)
  A quokka (D:7)
  8 plants (D:10)
9 creatures vanquished.

Grand Total: 254 creatures vanquished

Notes
Turn   | Place    | Note
-------+----------+-------------------------------------------
     0 | D:1      | Loge the Troll Monk began the quest for the Orb.
     0 | D:1      | Reached XP level 1. HP: 22/22 MP: 0/0
   202 | D:1      | Reached XP level 2. HP: 28/29 MP: 1/1
   655 | D:2      | Reached XP level 3. HP: 36/36 MP: 2/2
   678 | D:2      | Reached skill level 4 in Unarmed Combat
   862 | D:2      | Reached XP level 4. HP: 25/45 MP: 3/3
   983 | D:2      | Found a sparkling altar of Nemelex Xobeh.
  1284 | D:2      | Reached skill level 5 in Unarmed Combat
  1408 | D:3      | Reached XP level 5. HP: 40/53 MP: 4/4
  1578 | D:3      | Noticed Natasha
  1582 | D:3      | Killed Natasha
  1593 | D:3      | Found a white marble altar of Elyvilon.
  1597 | D:3      | Found a radiant altar of Vehumet.
  1602 | D:3      | Found a shattered altar of Ashenzari.
  1709 | D:3      | Noticed a hand axe
  1710 | D:3      | Noticed a dagger
  1713 | D:3      | Found a hide-covered altar of Uskayaw.
  2225 | D:3      | Found a sacrificial altar of Ru.
  2403 | D:4      | Found a blossoming altar of Fedhas.
  2412 | D:4      | You fall through a shaft!
  2412 | D:5      | Entered Level 5 of the Dungeon
  2419 | D:5      | Noticed dscm's ghost (novice OpFi)
  2423 | D:5      | Noticed Sigmund
  2429 | D:6      | Noticed a sky beast
  2441 | D:6      | Killed a sky beast
  2441 | D:6      | Reached skill level 6 in Unarmed Combat
  2441 | D:6      | Reached XP level 6. HP: 56/62 MP: 5/5
  2487 | D:6      | Found a basalt altar of Yredelemnul.
  2524 | D:6      | Reached XP level 7. HP: 63/70 MP: 6/6
  2536 | D:6      | Reached skill level 7 in Unarmed Combat
  2614 | D:5      | Found a shattered altar of Ashenzari.
  2675 | D:5      | Noticed Grinder
  2768 | D:4      | Noticed dscm's ghost (amateur OpFi)
  2789 | D:4      | Killed dscm's ghost
  2982 | D:4      | Reached skill level 8 in Unarmed Combat
  3270 | D:4      | Noticed Natasha
  3273 | D:4      | Killed Natasha
  3278 | D:4      | Reached skill level 5 in Fighting
  3303 | D:4      | Reached XP level 8. HP: 41/80 MP: 7/7
  3388 | D:4      | Found a burning altar of Makhleb.
  3394 | D:4      | Became a worshipper of Makhleb the Destroyer
  3394 | D:4      | Reached * piety under Makhleb
  3394 | D:4      | Reached ** piety under Makhleb
  3419 | D:4      | Found Aquozet's Assorted Antiques.
  3781 | D:4      | Noticed Natasha
  3794 | D:4      | Killed Natasha
  3837 | D:5      | Killed dscm's ghost
  3837 | D:5      | Reached skill level 9 in Unarmed Combat
  3847 | D:5      | Found a staircase to the Ecumenical Temple.
  3889 | Temple   | Entered the Ecumenical Temple
  3997 | D:5      | Killed Sigmund
  4029 | D:5      | Killed Grinder
  4362 | D:6      | Found an iron altar of Okawaru.
  4475 | D:6      | You fall through a shaft for 3 floors!
  4494 | D:9      | Reached skill level 10 in Unarmed Combat
  4525 | D:8      | Noticed a hippogriff
  4533 | D:8      | Killed a hippogriff
  4533 | D:8      | Reached skill level 1 in Invocations
  4533 | D:8      | Reached XP level 9. HP: 84/89 MP: 8/8
  5420 | D:7      | Noticed Menkaure
  5477 | D:7      | Killed Menkaure
  5498 | D:7      | Found a white marble altar of Elyvilon.
  5689 | D:7      | Reached skill level 11 in Unarmed Combat
  5790 | D:7      | Reached *** piety under Makhleb
  5837 | D:7      | Found an opulent altar of Gozag.
  6002 | D:7      | Found a runed door.
  6006 | D:7      | Noticed Crazy Yiuf
  6009 | D:7      | Killed Crazy Yiuf
  6073 | D:8      | Found a stormy altar of Qazlal.
  6266 | D:8      | Noticed Grum
  6274 | D:8      | Reached XP level 10. HP: 84/102 MP: 11/11
  6277 | D:8      | Killed Grum
  6356 | D:8      | Noticed a two-headed ogre
  6362 | D:8      | Killed a two-headed ogre
  6615 | D:8      | Reached skill level 12 in Unarmed Combat
  7302 | D:9      | Found a shadowy altar of Dithmenos.
  7595 | D:9      | Found a bloodstained altar of Trog.
  7754 | D:10     | Entered Level 10 of the Dungeon
  7754 | D:10     | Found a staircase to the Lair.
  7754 | D:10     | Noticed a two-headed ogre
  7816 | D:10     | Noticed a two-headed ogre
  7817 | D:10     | Reached skill level 5 in Invocations
  7823 | D:10     | Killed a two-headed ogre
  7827 | D:10     | Reached **** piety under Makhleb
  7957 | D:10     | Killed an unseen horror
  7957 | D:10     | Reached skill level 13 in Unarmed Combat
  7957 | D:10     | Reached XP level 11. HP: 28/111 MP: 14/14
  8219 | D:10     | Slain by a queen bee

Skill      XL: |  1  2  3  4  5  6  7  8  9 10 |
---------------+-------------------------------+-----
Unarmed Combat | 4 5 6 8 10 11 13 | 13.0
Fighting       | 3 4 5 6 7 8 |  8.2
Invocations    | 1 3 5 |  5.8
Dodging        | |  2.4
Stealth        | |  1.0

Action                   |  1- 3 |  4- 6 |  7- 9 | 10-12 || total
-------------------------+-------+-------+-------+-------++-------
Melee: Unarmed           |    94 |   133 |   304 |   204 ||   735
       Punch             |     1 |     1 |    14 |    12 ||    28
  Use: Scroll            |       |       |       |     1 ||     1
 Stab: Sleeping          |       |     1 |     3 |     1 ||     5
  Eat: Chunk             |    13 |    16 |    34 |    17 ||    80
Armor: Robe              |    26 |    56 |    60 |    48 ||   190
Dodge: Dodged            |    51 |    75 |   132 |    94 ||   352
